 Dungeon Crawl Stone Soup version 0.27.1-3-gb3d3a73c9e (webtiles) character file.

Game seed: 2132069012746996254

67 belegose the Skirmisher (level 4, -3/36 HPs)
             Began as a Mummy Abyssal Knight on Oct 30, 2021.
             Was a Follower of Lugonu.
             Killed from afar by an orc wizard (13 damage)
             ... with a puff of flame
             ... on level 2 of the Dungeon.
             The game lasted 00:04:33 (1650 turns).

belegose the Skirmisher (Mummy Abyssal Knight)      Turns: 1650, Time: 00:04:34

Health: -3/36      AC:  8    Str: 15    XL:     4   Next: 0%
Magic:  5/5        EV: 10    Int: 12    God:    Lugonu [*.....]
Gold:   150        SH:  0    Dex: 11    Spells: 3/3 levels left

rFire    x . .     SeeInvis .   a - +1 mace
rCold    + . .     Faith    .   (no shield)
rNeg     + + +     Spirit   .   i - +0 ring mail
rPois    ∞         Reflect  .   (no helmet)
rElec    .         Harm     .   g - +2 cloak
rCorr    .         Rampage  .   (no gloves)
Will     .....                  (no boots)
Stlth    +.........             (no amulet)
HPRegen  0.12/turn              (no ring)
MPRegen  0.09/turn              (no ring)

@: no status effects
A: cold resistance 1, negative energy resistance 3, torment resistance 2, heat
vulnerability 1, no potions
a: Renounce Religion, Depart the Abyss


You were on level 2 of the Dungeon.
You worshipped Lugonu.
Lugonu was aware of your devotion.
You visited 1 branch of the dungeon, and saw 2 of its levels.
You visited the Abyss 1 time.

You collected 150 gold pieces.

Inventory:

Hand Weapons
 a - a +1 mace (weapon)
 j - a +0 hunting sling
Missiles
 c - 37 stones
 f - 27 sling bullets
Armour
 g - a +2 cloak (worn)
 i - a +0 ring mail (worn)
Scrolls
 b - a scroll of torment {unknown}
 d - a scroll of teleportation {unknown}
 e - a scroll of identify {unknown}
 h - 2 scrolls of enchant armour {unknown}


   Skills:
 + Level 3.6 Fighting
 + Level 2.2 Maces & Flails
 + Level 1.1 Throwing
 - Level 1.5 Armour
 - Level 0.7 Dodging
 + Level 2.3 Invocations


You had 3 spell levels left.
You didn't know any spells.
Your spell library was empty.

Dungeon Overview and Level Annotations

Branches:
Dungeon (2/15)

Altars:

Annotations:
D:2 Robin


Innate Abilities, Weirdness & Mutations

You are immune to poison.
Your flesh is cold resistant. (rC+)
You are immune to negative energy. (rN+++)
You are immune to unholy pain and torment.
You are vulnerable to heat. (rF-)
You do not drink.


Message History

You have reached level 4!
j - a +0 hunting sling;
c - 37 stones (gained 16)
You start resting.
HP restored.
You see here a +0 dagger.
Things that are here:
a +0 whip; a +0 scale mail; a fuming silvery potion
Found a sedimented purple potion.
You see here a sedimented purple potion.
You see here a sedimented purple potion.
An orc wizard is nearby!
The orc wizard shouts!
The orc wizard casts a spell at you. You resist with some effort.
The orc wizard gestures wildly while chanting.
The orc wizard flickers and vanishes!
Deactivating autopickup; reactivate with Ctrl-A.
You sock something!
You hear some strange, mumbled words.
A puff of flame appears from out of thin air!
The puff of flame hits you! The fire burns you terribly!
You hit something but do no damage. Something hits you but does no damage.
Something hits you.
You barely miss something. Something hits you.
You miss something.
You hear some strange, mumbled words.
You are confused.
You bump into the rock wall.
Something hits you.
You bump into the rock wall.
Something hits you.
You're too confused to move!
Something hits you but does no damage. Something hits you but does no damage.
Something hits you.
* * * LOW HITPOINT WARNING * * *
You feel less confused.
You hear some strange, mumbled words.
Something tries to affect you, but you resist.
You hear some strange, mumbled words.
A puff of flame appears from out of thin air!
The puff of flame hits you! The fire burns you terribly!
You die...

########.##.######
......##.##.>!...#
#####.##.#######.#
### #.##.# #.# ..#
#.##.# #.#
#.###.##.#### #.##
............# #..#
..........#.#####.#
..........#...{.@.#
....#.#####.###.###
###.#.# #.# #.#
#.#.# ###.###.#
#.#.###.......#
#.......#####.#
#.###.###.##..# #.#
#.# #....## ###.#
#.# #.####


There were no monsters in sight!

Vanquished Creatures
  An adder (D:2)
  3 dart slugs
  3 orcs (D:2)
  2 bats
  5 endoplasms
  A giant cockroach (D:1)
  10 goblins
  7 hobgoblins
  A kobold (D:1)
  6 ball pythons
  A frilled lizard (D:1)
  2 rats (D:1)
42 creatures vanquished.

Notes
Turn   | Place    | Note
-------+----------+-------------------------------------------
     0 | Abyss:1  | belegose the Mummy Abyssal Knight began the quest for the
                  | Orb.
     0 | Abyss:1  | Reached XP level 1. HP: 18/18 MP: 2/2
    56 | Abyss:1  | Noticed a small abomination
    58 | Abyss:1  | Noticed a tentacled starspawn
    60 | D:1      | Escaped the Abyss
   159 | D:1      | Reached XP level 2. HP: 20/24 MP: 3/3
   488 | D:1      | Reached * piety under Lugonu
   840 | D:1      | Found a faded altar of an unknown god.
  1024 | D:2      | Noticed Robin
  1043 | D:2      | Reached XP level 3. HP: 28/29 MP: 4/4
  1274 | D:2      | Reached skill level 1 in Throwing
  1538 | D:2      | Reached XP level 4. HP: 33/36 MP: 5/5
  1650 | D:2      | Killed from afar by an orc wizard

Illustrated notes

Levels and vault maps discovered:
D:1:      scummos_arrival_hexagon, layout_basic,
          hellmonk_ecumenical_altar_blasted
D:2:      layout_loops_ring, minmay_misc_feat_encased, uniq_natasha, uniq_robin,
          uniq_sigmund

Skill      XL: |  1  2  3 |
---------------+----------+-----
Invocations    | 2 |  2.3
Maces & Flails | 2 |  2.2
Throwing       | 1 |  1.1
Fighting       | |  3.6
Armour         | |  1.5
Dodging        | |  0.7

Action                   |  1- 3 |  4- 6 || total
-------------------------+-------+-------++-------
Melee: Mace              |   112 |     4 ||   116
Invok: Depart the Abyss  |     1 |       ||     1
Armor: Leather armour    |    14 |       ||    14
       Ring mail         |    39 |     3 ||    42
Dodge: Dodged            |    68 |       ||    68
